 Dungeon Crawl Stone Soup version 0.21.1-1-g345015f (webtiles) character file.

65016 Andry07 the Protected (level 15, -1/97 HPs)
             Began as a Gargoyle Fighter on Feb 17, 2018.
             Was the Champion of Okawaru.
             Slain by a six-headed hydra (9 damage)
             ... on level 1 of the Swamp on Feb 26, 2018.
             The game lasted 00:53:29 (23275 turns).

Andry07 the Protected (Gargoyle Fighter)           Turns: 23275, Time: 00:53:30

Health: -1/97      AC: 32    Str: 26    XL:     15   Next: 15%
Magic:  23/23      EV: 13    Int:  9    God:    Okawaru [******]
Gold:   1092       SH: 16    Dex:  9    Spells: 14/14 levels left

rFire    + . .     SeeInvis .   R - +12 falchion of Moppix {slice, rC+ Stlth+}
rCold    + + +     Gourm    .   n - +2 shield
rNeg     + . .     Faith    .   t - +3 chain mail of Gravitas {rC+ MR+}
rPois    ∞         Spirit   .   s - +2 hat
rElec    +         Reflect  .   M - scarf {rC+ rF+}
rCorr    .         Harm     .   y - +0 pair of gloves
MR       ++...                  P - +0 pair of boots
Stlth    ..........             (no amulet)
HPRegen  0.26/turn              w - +3 ring of evasion
MPRegen  0.18/turn              C - +2 ring of evasion

@: flying
A: big wings, negative energy resistance 1, electricity resistance, unbreathing,
petrification resistance, rot immunity, AC +11
a: Stop Flying, Heroism, Finesse, Renounce Religion


You were on level 1 of the Swamp.
You worshipped Okawaru.
Okawaru was exalted by your worship.
You were very hungry.

You visited 4 branches of the dungeon, and saw 20 of its levels.

You collected 1092 gold pieces.

Inventory:

Hand Weapons
 B - a +3 demon blade of venom
 O - a +1 eveningstar of draining
 R - the +12 falchion of Moppix (weapon) {slice, rC+ Stlth+}
   (You found it on level 6 of the Lair of Beasts)

   It inflicts extra damage upon your enemies.
   It protects you from cold.
   It makes you more stealthy.
Missiles
 a - 5 javelins of penetration (quivered)
Armour
 n - a +2 shield (worn)
 s - a +2 hat (worn)
 t - the +3 chain mail of Gravitas (worn) {rC+ MR+}
   (You found it on level 4 of the Dungeon)

   It protects you from cold.
   It affects your resistance to hostile enchantments.
 v - a +2 large shield
 x - the +3 salamander hide armour {+Rage rF++}
   (You found it on level 5 of the Dungeon)

   It greatly protects you from fire.
   It lets you go berserk.
 y - a +0 pair of gloves (worn)
 M - a scarf of resistance (worn)
 P - a +0 pair of boots (worn)
 V - the +1 animal skin of Xigysacw {Dex+4}
   (Okawaru gifted it to you on level 6 of the Lair of Beasts)

   It affects your dexterity (+4).
Jewellery
 b - an uncursed ring of magical power
 i - an uncursed ring of see invisible
 o - an uncursed amulet of harm
 w - a +3 ring of evasion (left hand)
 C - a +2 ring of evasion (right hand)
 K - an uncursed ring of protection from fire
 X - an uncursed ring of protection from cold
Wands
 q - a wand of acid (14)
 u - a wand of flame (60)
 z - a wand of disintegration (23)
 E - a wand of iceblast (14)
 H - a wand of scattershot (8)
Scrolls
 c - 5 scrolls of teleportation
 h - 2 scrolls of fog
 k - a scroll of fear {unknown}
 l - 5 scrolls of amnesia
 p - 4 scrolls of enchant armour
 r - 5 scrolls of remove curse
 A - a scroll of acquirement
 G - 2 scrolls of holy word {unknown}
 L - a scroll of summoning {unknown}
 N - a scroll of random uselessness {unknown}
 Q - 2 scrolls of enchant weapon {unknown}
 Y - a scroll of immolation {unknown}
Potions
 d - 3 potions of might
 e - 3 potions of haste
 g - 7 potions of brilliance
 j - 3 potions of mutation
 m - 2 potions of resistance
 D - a potion of berserk rage {unknown}
 F - 2 potions of curing
 J - 3 potions of heal wounds
 U - a potion of magic {unknown}
 Z - a potion of invisibility
Books
 I - a book of Changes

   Spells                             Type                      Level
   a - Beastly Appendage              Transmutation                1
   b - Sticks to Snakes               Transmutation                2
   c - Spider Form                    Transmutation/Poison         3
   d - Ice Form                       Ice/Transmutation            4
   e - Blade Hands                    Transmutation                5
Miscellaneous
 S - a phial of floods
Comestibles
 f - 25 rations


   Skills:
 * Level 12.4 Fighting
 - Level 7.3 Long Blades
 - Level 8.2 Maces & Flails
 - Level 14.3 Armour
 - Level 14.1 Shields
 - Level 11.7 Invocations


You had 14 spell levels left.
You didn't know any spells.

Dungeon Overview and Level Annotations

Branches:
Dungeon (11/15)            Temple (1/1) D:5            Lair (6/6) D:10
  Swamp (2/4) Lair:2        Snake (0/4) Lair:3        Slime (0/5) Lair:5
    Orc: D:9-12

Altars:
Ashenzari
Cheibriados
Dithmenos
Elyvilon
Fedhas
Gozag
Hepliaklqana
Kikubaaqudgha
Makhleb
Nemelex Xobeh
Okawaru
Qazlal
Ru
Sif Muna
Trog
Uskayaw
Vehumet
Wu Jian
Xom
Yredelemnul
Zin
The Shining One
Beogh
Jiyva


Innate Abilities, Weirdness & Mutations

You are resistant to torment.
Your stone body is resilient. (AC +11)
You are immune to poison.
Your large and strong wings let you fly indefinitely.
You resist negative energy. (rN+)
You are resistant to electric shocks. (rElec)
You can survive without breathing.
You are immune to petrification.
You are immune to rotting.


Message History

* * * LOW HITPOINT WARNING * * *
You block the six-headed hydra's attack.
The six-headed hydra barely misses you.
You block the six-headed hydra's attack. x2
The six-headed hydra bites you but does no damage.
The hornet closely misses you.
You riposte.
You miss the hornet.
The hornet is severely wounded.
You slash the hornet!
You kill the hornet!
Okawaru accepts your kill.
You block the six-headed hydra's attack. x3
The six-headed hydra bites you but does no damage.
The six-headed hydra bites you.
* * * LOW HITPOINT WARNING * * *
The six-headed hydra bites you.
* * * LOW HITPOINT WARNING * * *
You feel better.
The six-headed hydra bites you but does no damage.
The six-headed hydra bites you!
You die...

♣≈≈≈≈≈≈≈....≈≈..≈.♣♣≈≈≈≈≈♣
♣≈≈≈≈≈≈≈............≈≈≈≈≈♣
♣.≈≈≈≈§.........≈♣..≈≈≈≈≈♣
♣♣.≈..≈......).≈..♣.≈≈≈.♣♣
♣....≈..≈≈≈≈♣≈..≈≈≈≈≈≈.♣
♣....♣≈.≈≈..♣...≈≈≈≈≈≈.♣
♣♣≈♣♣♣§§....♣♣♣.≈≈≈≈≈≈.♣ ♣
♣......≈♣♣...D♣♣......♣♣
♣♣♣....≈.≈♣♣.≈.[@.≈§.>.♣♣♣
.♣...≈≈≈.≈♣♣..♣[.†≈≈....≈♣
..≈..≈≈≈.♣♣♣♣♣.≈..≈≈.≈..♣♣
......≈≈.♣♣♣♣.≈≈.≈≈≈≈.≈≈.♣
.≈≈≈≈≈≈≈≈.≈≈≈.≈≈≈.≈≈≈≈≈≈≈♣
.≈≈≈≈≈≈≈..≈≈≈.≈≈≈..≈≈≈≈≈.♣
≈.≈≈≈..........(...≈≈≈≈.≈♣
...≈≈.≈..♣♣...≈§.≈♣.≈..♣♣♣
...≈.≈♣♣♣♣♣...♣♣♣♣♣♣≈§.≈.♣


You could see a six-headed hydra.

Vanquished Creatures
  6 dire elephants (Lair:6)
  The ghost of Serooblart the Fighter, a novice MiBe of Trog (D:9)
  An anaconda (Lair:6)
  A two-headed ogre (D:8)
  8 hydras
  A queen ant (Lair:2)
  4 alligators
  Urug (Lair:4)
  The ghost of inc the Bewitcher, a journeyman FeEn of Dithmenos (Swamp:1)
  2 swamp dragons (Swamp:2)
  3 shambling mangroves
  A manticore (D:11)
  4 elephants (Lair:6)
  4 black mambas
  A gargoyle (D:10)
  A torpor snail (Lair:6)
  6 komodo dragons
  The ghost of Ratty the Stinger, a novice DrVM (D:4)
  17 spiny frogs
  3 rime drakes
  5 trolls
  3 polar bears
  3 tyrant leeches (Swamp:1)
  15 hornets
  2 bog bodies
  25 blink frogs
  6 slime creatures (Swamp:2)
  6 hippogriffs
  2 shadows (Swamp:1)
  5 spriggans
  6 wyverns
  37 yaks
  2 basilisks
  7 vampire mosquitoes
  9 swamp worms
  2 nagas (Lair:3)
  5 insubstantial wisps
  An acid dragon (D:9)
  15 soldier ants (Lair:2)
  9 porcupines
  10 water moccasins
  3 swamp drakes
  4 black bears
  4 ice beasts
  8 orc warriors
  2 sky beasts
  4 ogres
  2 centaurs
  15 wolves
  10 crocodiles
  2 big kobolds
  13 bullfrogs
  A wyvern zombie (D:9)
  2 scorpions
  4 electric eels
  9 wights
  2 howler monkeys (D:8)
  5 crimson imps
  16 hounds
  A quasit (D:7)
  A jelly (D:8)
  13 orc priests
  3 bullfrog skeletons
  Jessica (D:2)
  8 hell rats (Lair:6)
  9 orc wizards
  36 worker ants
  Natasha (thrice) (D:2)
  An iguana (D:8)
  A hound zombie (D:9)
  A hound skeleton (D:7)
  A worker ant zombie (D:11)
  A howler monkey skeleton (D:8)
  19 adders
  3 shadow imps
  2 oozes (D:1)
  A worm (D:5)
  2 dart slugs (D:1)
  6 leopard geckos
  52 orcs
  10 bats
  5 giant cockroaches
  8 goblins
  6 hobgoblins
  10 jackals
  2 quokkas
  A ball python (D:2)
  8 frilled lizards
  A jackal zombie (D:7)
  9 kobolds
  A quokka zombie (D:6)
  9 rats
  2 plants (Lair:6)
585 creatures vanquished.

Vanquished Creatures (others)
  A hornet (Swamp:1)
  7 fungi
  5 plants
13 creatures vanquished.

Grand Total: 598 creatures vanquished

Notes
Turn   | Place    | Note
-------+----------+-------------------------------------------
     0 | D:1      | Andry07 the Gargoyle Fighter began the quest for the Orb.
     0 | D:1      | Reached XP level 1. HP: 14/14 MP: 1/1
    69 | D:1      | Reached XP level 2. HP: 15/20 MP: 2/2
   293 | D:1      | Reached XP level 3. HP: 22/24 MP: 3/3
   441 | D:2      | Noticed Jessica
   611 | D:2      | Reached skill level 5 in Fighting
   620 | D:2      | Killed Jessica
   620 | D:2      | Reached XP level 4. HP: 24/31 MP: 4/4
  1043 | D:2      | Noticed Natasha
  1060 | D:2      | Killed Natasha
  1060 | D:2      | Reached XP level 5. HP: 21/36 MP: 5/5
  1348 | D:3      | Found a sacrificial altar of Ru.
  1348 | D:3      | Found a basalt altar of Yredelemnul.
  1348 | D:3      | Found a shattered altar of Ashenzari.
  1348 | D:3      | Found a white marble altar of Elyvilon.
  1355 | D:3      | Found a shimmering altar of Xom.
  1362 | D:3      | Found a hazy altar of Hepliaklqana.
  1544 | D:4      | Noticed Ratty's ghost (novice DrVM)
  1589 | D:4      | Killed Ratty's ghost
  1589 | D:4      | Reached XP level 6. HP: 15/45 MP: 6/6
  1589 | D:4      | Reached XP level 7. HP: 17/50 MP: 7/7
  2060 | D:4      | Got a shimmering chain mail
  2071 | D:4      | Identified the +3 chain mail of Gravitas {rC+ MR+} (You found it on level 4 of the Dungeon)
  2432 | D:5      | Entered Level 5 of the Dungeon
  2441 | D:5      | Found a staircase to the Ecumenical Temple.
  2447 | Temple   | Entered the Ecumenical Temple
  2935 | D:1      | Reached skill level 10 in Fighting
  3336 | D:2      | Noticed Natasha
  3348 | D:2      | Killed Natasha
  3348 | D:2      | Reached XP level 8. HP: 49/57 MP: 8/8
  3378 | D:2      | Noticed Natasha
  3384 | D:2      | Killed Natasha
  3714 | D:5      | Found the +3 salamander hide armour {+Rage rF++}
  4099 | D:5      | Reached skill level 5 in Armour
  4260 | D:5      | Found a snail-covered altar of Cheibriados.
  4494 | D:6      | Found an ancient bone altar of Kikubaaqudgha.
  4494 | D:6      | Found a stormy altar of Qazlal.
  4548 | D:6      | Found a radiant altar of Vehumet.
  4737 | D:6      | Found a shimmering altar of Xom.
  4739 | D:6      | Found a sparkling altar of Nemelex Xobeh.
  4739 | D:6      | Found an ancient bone altar of Kikubaaqudgha.
  4741 | D:6      | Found a glowing silver altar of Zin.
  4741 | D:6      | Found a hazy altar of Hepliaklqana.
  4741 | D:6      | Found a deep blue altar of Sif Muna.
  5153 | D:7      | Reached XP level 9. HP: 61/62 MP: 9/9
  5575 | D:7      | Found a blossoming altar of Fedhas.
  5576 | D:7      | Found an iron altar of Okawaru.
  5702 | D:7      | Became a worshipper of Warmaster Okawaru
  5916 | D:8      | Found an ancient bone altar of Kikubaaqudgha.
  6132 | D:8      | Reached skill level 10 in Armour
  6377 | D:8      | Noticed a two-headed ogre
  6772 | D:8      | Reached * piety under Okawaru
  6913 | D:8      | Reached XP level 10. HP: 56/68 MP: 10/10
  7063 | D:8      | Killed a two-headed ogre
  7176 | D:9      | Noticed Serooblart's ghost (novice MiBe)
  7763 | D:9      | Reached ** piety under Okawaru
  8210 | D:9      | Reached *** piety under Okawaru
  8259 | D:10     | Entered Level 10 of the Dungeon
  8434 | D:10     | Reached XP level 11. HP: 45/72 MP: 11/11
  8498 | D:11     | Noticed a manticore
  8520 | D:11     | Killed a manticore
  8520 | D:11     | Reached **** piety under Okawaru
  8520 | D:11     | Reached skill level 5 in Maces & Flails
  9073 | D:9      | Received a gift from Okawaru
  9340 | D:10     | Found a staircase to the Lair.
 10219 | D:9      | Killed Serooblart's ghost
 10395 | D:10     | Reached skill level 1 in Invocations
 10654 | D:10     | Found a roughly hewn altar of Beogh.
 11045 | D:11     | Noticed a skeletal warrior
 11046 | D:11     | Noticed a two-headed ogre
 11048 | D:11     | Noticed a manticore
 11083 | D:10     | Reached ***** piety under Okawaru
 11282 | Lair:1   | Entered Level 1 of the Lair of Beasts
 11402 | Lair:1   | Reached skill level 5 in Invocations
 11642 | Lair:1   | Reached XP level 12. HP: 50/77 MP: 15/17
 12108 | Lair:1   | Received a gift from Okawaru
 12567 | Lair:2   | Noticed a seven-headed hydra
 12658 | Lair:2   | Reached skill level 10 in Invocations
 12674 | Lair:2   | Killed a seven-headed hydra
 12972 | Lair:2   | Noticed a queen ant
 12999 | Lair:2   | Killed a queen ant
 12999 | Lair:2   | Reached ****** piety under Okawaru
 13037 | Lair:2   | Reached skill level 1 in Long Blades
 13094 | Lair:2   | Received a gift from Okawaru
 13154 | Lair:2   | Noticed an eight-headed hydra
 13280 | Lair:2   | Killed an eight-headed hydra
 13432 | Lair:2   | Reached XP level 13. HP: 77/82 MP: 21/21
 13760 | Lair:2   | Found a staircase to the Swamp.
 13862 | Lair:2   | Identified a scroll of acquirement
 13916 | Lair:3   | Reached skill level 5 in Long Blades
 14318 | Lair:3   | Found a staircase to the Snake Pit.
 15643 | Lair:4   | Reached skill level 5 in Shields
 15700 | Lair:4   | Noticed Urug
 15737 | Lair:4   | Killed Urug
 16581 | Lair:5   | Got an encrusted war axe
 16582 | Lair:5   | Identified the cursed +0 war axe of Ubaxats {drain, +Inv rF- Str+3} (You found it on level 5 of the Lair of Beasts)
 16804 | Lair:5   | Received a gift from Okawaru
 17150 | Lair:5   | Found a staircase to the Slime Pits.
 17150 | Lair:5   | Found a viscous altar of Jiyva.
 17478 | Lair:6   | Entered Level 6 of the Lair of Beasts
 17807 | Lair:6   | Got a dazzling falchion
 17808 | Lair:6   | Identified the +12 falchion of Moppix {slice, rC+ Stlth+} (You found it on level 6 of the Lair of Beasts)
 18053 | Lair:6   | Reached skill level 10 in Shields
 18152 | Lair:6   | Gained mutation: Your large and strong wings let you fly indefinitely. [Gargoyle growth]
 18152 | Lair:6   | Reached XP level 14. HP: 76/88 MP: 22/22
 18661 | Lair:6   | Noticed a dire elephant
 18661 | Lair:6   | Noticed a dire elephant
 18686 | Lair:6   | Noticed a dire elephant
 18686 | Lair:6   | Killed a dire elephant
 18707 | Lair:6   | Killed a dire elephant
 18721 | Lair:6   | Killed a dire elephant
 18862 | Lair:6   | Noticed a dire elephant
 18893 | Lair:6   | Noticed a dire elephant
 18896 | Lair:6   | Noticed a dire elephant
 19306 | Lair:6   | Killed a dire elephant
 19388 | Lair:6   | Killed a dire elephant
 19388 | Lair:6   | Received a gift from Okawaru
 19393 | Lair:6   | Got a transparent animal skin {god gift}
 19404 | Lair:6   | Identified the +1 animal skin of Xigysacw {Dex+4} (Okawaru gifted it to you on level 6 of the Lair of Beasts)
 19423 | Lair:6   | Killed a dire elephant
 19708 | Swamp:1  | Entered Level 1 of the Swamp
 19973 | Swamp:1  | Noticed inc's ghost (journeyman FeEn)
 20004 | Swamp:1  | Killed inc's ghost
 21437 | Swamp:2  | Noticed a thorn hunter
 22134 | Swamp:2  | Received a gift from Okawaru
 22268 | Swamp:2  | Reached XP level 15. HP: 77/95 MP: 23/23
 23274 | Swamp:1  | HP: 2/97 [six-headed hydra (6)]
 23275 | Swamp:1  | Slain by a six-headed hydra

Skill      XL: |  1  2  3  4  5  6  7  8  9 10 11 12 13 14 15 |
---------------+----------------------------------------------+-----
Fighting       | 4 5 6 8 10 11 12 | 12.4
Armour         | 8 11 14 | 14.3
Maces & Flails | 3 8 |  8.2
Invocations    | 6 11 | 11.7
Long Blades    | 4 7 |  7.3
Shields        | 10 14 | 14.1

Action                   |  1- 3 |  4- 6 |  7- 9 | 10-12 | 13-15 || total
-------------------------+-------+-------+-------+-------+-------++-------
Melee: Flail             |   115 |   150 |   317 |       |       ||   582
       Morningstar       |       |       |   359 |   828 |    26 ||  1213
       Demon blade       |       |       |       |   244 |   385 ||   629
       Falchion          |       |       |       |       |   649 ||   649
       Eveningstar       |       |       |       |       |    70 ||    70
Throw: Javelin           |       |       |       |     4 |     4 ||     8
Invok: Heroism           |       |       |       |     6 |     9 ||    15
       Finesse           |       |       |       |     2 |     6 ||     8
 Abil: Fly               |       |       |       |       |     1 ||     1
Evoke: Phial of floods   |       |       |       |       |     1 ||     1
       Wand              |       |       |       |       |     1 ||     1
  Use: Scroll            |       |       |    10 |     8 |     5 ||    23
       Potion            |       |       |       |     8 |     3 ||    11
  Eat: Chunk             |       |     3 |    15 |    24 |    22 ||    64
       Ration            |       |       |     1 |       |     3 ||     4
Armor: Scale mail        |    85 |    98 |    29 |       |       ||   212
       Chain mail        |       |       |   517 |   697 |   640 ||  1854
       Skin              |       |       |       |       |     3 ||     3
Dodge: Dodged            |    76 |    38 |   285 |   566 |   574 ||  1539
Block: Shield            |    80 |   111 |   573 |   794 |   995 ||  2553
       Rpst.: Demon blade |       |       |       |    29 |    62 ||    91
       Falchion          |       |       |       |       |    53 ||    53
